 Dungeon Crawl Stone Soup version 0.18-a0-327-gb1de508 (webtiles) character file.

74 Duffy the Skirmisher (level 4, 0/30 HPs)
             Began as a Tengu Monk on Nov 27, 2015.
             Slain by an adder (3 damage)
             ... on level 2 of the Dungeon.
             The game lasted 00:01:21 (1684 turns).

Duffy the Skirmisher (Tengu Monk)                   Turns: 1684, Time: 00:01:21

Health: 0/30       AC:  5    Str: 13    XL:     4   Next: 28%
Magic:  5/5        EV: 12    Int: 10    God:
Gold:   83         SH:  0    Dex: 16    Spells: 0 memorised, 3 levels left

rFire  . . .     SeeInvis .       - Unarmed
rCold  . . .     Clarity  .     e - +0 ring mail
rNeg   . . .     SustAt   .     (no shield)
rPois  .         Gourm    .     (helmet restricted)
rElec  .         Spirit   .     (no cloak)
rCorr  .         Warding  .     (no gloves)
rMut   .         Stasis   .     (boots unavailable)
MR     .....                    (no amulet)
Stlth  +.........               (no ring)
                                (no ring)

@: not resistant to hostile enchantments, very unstealthy
A: beak, talons 3
a: no special abilities


You were on level 2 of the Dungeon.
You were not hungry.

You visited 1 branch of the dungeon, and saw 2 of its levels.

You collected 83 gold pieces.


Innate Abilities, Weirdness & Mutations

You have a beak for a mouth.
You have claws for feet.


   Skills:
 + Level 4.8 Fighting
 - Level 3.2 Dodging
 - Level 2.0 Stealth
 - Level 4.5 Unarmed Combat


You had 3 spell levels left.
You didn't know any spells.

Inventory:

Missiles
 g - 4 curare-tipped needles
Armour
 a - a +0 robe
 e - a +0 ring mail (worn)
Jewellery
 j - an uncursed ring of see invisible {unknown}
Scrolls
 c - a scroll of remove curse {unknown}
 d - 2 scrolls of identify {unknown}
 h - a scroll of noise {unknown}
 i - a scroll of amnesia {unknown}
Comestibles
 b - a bread ration
 f - a beef jerky

Dungeon Overview and Level Annotations

Branches:
Dungeon (2/15)

Altars:


Message History

You are too injured to fight recklessly!
You are too injured to fight recklessly!
You are too injured to fight recklessly!
You are too injured to fight recklessly!
You are too injured to fight recklessly!
You are too injured to fight recklessly!
You miss Natasha.
Natasha is severely wounded.
Natasha mumbles some strange words.
You hit Natasha. You claw Natasha, but do no damage. Your peck misses Natasha.
Natasha is almost dead.
Natasha wildly gestures.
Natasha glows brightly for a moment.
Natasha barely misses you.
You closely miss Natasha. Your kick misses Natasha.
Natasha is almost dead.
The white imp hits you but does no damage.
Natasha barely misses you.
You miss Natasha. Your kick misses Natasha.
Natasha is almost dead.
The white imp gestures at you. The puff of frost hits you! Natasha claws you.
You hit Natasha.
You kill Natasha!
Natasha screams in fury as she dies!
You have reached level 4!
You feel stronger.
The white imp disappears in a puff of smoke!
You closely miss the adder. You claw the adder.
The adder is moderately wounded.
The adder bites you but does no damage.
You miss the adder. You claw the adder.
The adder is moderately wounded.
The adder bites you.
You die...

#### ..# #S# ..#####@#####
#......#....# #######.###.##
#.# ###...#...## # #.#
#..........# # #.####
#.#...#....# ####.##.##
#.##.###.#.## .
.......####.##........# #
#..............##.#..#######


You could see an adder.

Action                   |  1- 3 |  4- 6 || total
-------------------------+-------+-------++-------
Melee: Unarmed           |    99 |     2 ||   101
 Stab: Sleeping          |     6 |       ||     6
  Eat: Chunk             |     2 |       ||     2

Notes
Turn   | Place    | Note
--------------------------------------------------------------
     0 | D:1      | Duffy the Tengu Monk began the quest for the Orb.
     0 | D:1      | Reached XP level 1. HP: 14/14 MP: 2/2
   629 | D:1      | Reached XP level 2. HP: 17/19 MP: 3/3
   961 | D:2      | Reached skill level 4 in Fighting
   961 | D:2      | Reached XP level 3. HP: 14/24 MP: 4/4
  1673 | D:2      | Noticed Natasha
  1682 | D:2      | Killed Natasha
  1682 | D:2      | Reached XP level 4. HP: 3/30 MP: 5/5
  1684 | D:2      | Slain by an adder

Vault maps used:
D:1:      elethiomel_arrival_infinity_welcomes_careful_drivers
D:2:      first_bread, uniq_natasha

Vanquished Creatures
  Natasha
  An adder
  4 worms
  A giant gecko
  3 hobgoblins
  A quokka
  3 bats
  4 giant cockroaches
  3 goblins
  3 kobolds
  8 rats
32 creatures vanquished.
